[Event "Titled Tuesday Blitz November 08 Early 2022"]
[White "czernikowskqa"]
[Black "Troltenier, Dirk"]
[BlackFideId "4606400"]
[WhiteElo "1948"]
[BlackElo "2325"]
[Result "0-1"]
[Round "11"]
[TimeControl "180+1"]
[Date "2022.11.09"]
[WhiteClock "0:00:31"]
[BlackClock "0:00:07"]

1. d4 d5 2. c4 c6 3. cxd5 cxd5 4. Nc3 Nc6 5. Nf3 Nf6 6. e3 Bf5 7. Bd3 Bxd3 8. Qxd3 e6 9. Qd1 Bd6 10. O-O O-O 11. a3 a6 12. b4 Qe7 13. Bd2 b5 14. Rc1 Rfc8 15. Ne2 Rc7 16. Ne1 Ne4 17. Nd3 a5 18. bxa5 Bxa3 19. Rb1 b4 20. f3 Nc3 21. Nxc3 bxc3 22. Bxc3 h5 23. Qa4 Bd6 24. a6 Qh4 25. f4 Qg4 26. Rb6 Na7 27. Ba5 Rc4 28. Qd7 Bf8 29. Ne5 Qe2 30. Qxf7+ Kh8 31. Ng6+ Kh7 32. Nxf8+ Rxf8 33. Qxf8 Rc2 34. Bd2 Rxd2 35. Qxg7+ Kxg7 36. Rb7+ Kg6 37. f5+ exf5 38. Rf2 Qxf2+ 0-1